 Dungeon Crawl Stone Soup version 0.30-a0-1160-g6e42c06551 (webtiles) character file.

Game seed: 4118447912076730829

101679 LustLizard the Severer (level 16, -2/97 (100) HPs)
             Began as a Human Chaos Knight on Apr 25, 2023.
             Was a Plaything of Xom.
             Killed by divine providence
             ... invoked by Saint Roka
              (8 damage)
             ... on level 2 of the Orcish Mines.
             The game lasted 01:19:03 (32720 turns).

LustLizard the Severer (Human Chaos Knight)        Turns: 32720, Time: 01:19:03

HP:   -2/97 (100)   AC: 30    Str: 17 (18) XL:     16   Next: 83%
MP:   23/23         EV: 13    Int: 13 (15) God:    Xom [*.....]
Gold: 2547          SH: 13    Dex: 13 (15) Spells: 29/32 levels left

rFire   + + .        t - +2 broad axe (venom)
rCold   + . .        W - +3 kite shield {rC+}
rNeg    . . .        o - +18 Lear's hauberk
rPois   .            (helmet currently unavailable)
rElec   .            E - +0 cloak
rCorr   .            (gloves currently unavailable)
SInv    .            (boots currently unavailable)
Will    +....        Q - amulet of regeneration Stlth
                     K - +5 ring of evasion
HPRegen 1.16/turn    H - ring of wizardry
MPRegen 0.18/turn

%: wizardry (x1)
@: about to teleport, lightly drained
A: hooves 1, thin skeletal structure 1, fire resistance 2, frail 2, low MP 2,
noise suppression
a: Renounce Religion


You were on level 2 of the Orcish Mines.
You worshipped Xom.
You were a special plaything of Xom.
You visited 3 branches of the dungeon, and saw 22 of its levels.
You also visited: Ice Cave.

You collected 2736 gold pieces.
You spent 189 gold pieces at shops.

Inventory:

Hand Weapons
 a - a +0 hand axe of chaos
 t - a +2 broad axe of venom (weapon)
Missiles
 q - a throwing net
Armour
 o - the +18 Lear's hauberk (worn)
   (You found it on level 2 of the Dungeon)
 y - a +1 buckler
 E - a +0 cloak (worn)
 W - a +3 kite shield of cold resistance (worn)
Jewellery
 m - a ring of resist corrosion
 s - a ring of flight
 u - an amulet of the acrobat
 H - a ring of wizardry (right hand)
 K - a +5 ring of evasion (left hand)
 Q - an amulet of regeneration (around neck)
 R - a ring of see invisible
 U - a ring of willpower
 V - the ring "Meifow" {rF+ rC++ Will-}
   (Xom gifted it to you on level 11 of the Dungeon)

   [ring of protection from fire]

   rF:        It protects you from fire.
   rC:        It greatly protects you from cold.
   Will:      It decreases your willpower.
 X - the ring "Zaley" {rF+ rC+ rN+ Str+3}
   (You found it in an ice cave)

   [ring of protection from cold]

   Str:       It affects your strength (+3).
   rF:        It protects you from fire.
   rC:        It protects you from cold.
   rN:        It protects you from negative energy.
 Y - a ring of magical power
 Z - a +6 ring of intelligence
Wands
 D - a wand of charming (23)
 F - a wand of light (10) (quivered)
 G - a wand of digging (9)
 L - a wand of polymorph (19)
 N - a wand of flame (21)
 S - a wand of roots (19)
Scrolls
 g - 2 scrolls of blinking
 h - 2 scrolls of summoning
 k - 4 scrolls of magic mapping
 l - a scroll of teleportation
 p - 5 scrolls of amnesia
 w - 3 scrolls of fear
 z - 2 scrolls of poison
 I - 3 scrolls of silence
 O - a scroll of fog
Potions
 d - 2 potions of invisibility
 e - 4 potions of brilliance
 f - 4 potions of curing
 j - 4 potions of mutation
 n - 3 potions of magic
 r - 2 potions of ambrosia
 v - 4 potions of might
 B - 3 potions of cancellation
 C - 3 potions of flight
 J - 3 potions of resistance
 P - a potion of berserk rage
 T - 2 potions of degeneration
Miscellaneous
 b - a tin of tremorstones (2/2)
 c - a piece from Xom's chessboard (15/15)
 x - a lightning rod (2/4)
 A - a phial of floods
 M - a phantom mirror (inert)


   Skills:
 + Level 11.1 Fighting
 * Level 15.0 Axes
 - Level 8.1 Armour
 - Level 4.8 Dodging
 + Level 8.0 Shields
 - Level 8.7 Spellcasting
 + Level 11.1 Conjurations
 + Level 10.9 Earth Magic
 - Level 7.2 Evocations


You had 29 spell levels left.
You knew the following spells:

 Your Spells              Type           Power      Damage    Failure   Level
a - Stone Arrow           Conj/Erth      68%        3d11      3%          3

Your spell library contained the following spells:

 Spells                   Type           Power      Damage    Failure   Level
 Sandblast                Erth           68%        2d15      1%          1
 Passwall                 Tmut/Erth      15%        N/A       16%         2
 Apportation              Tloc           10%        N/A       65%         1
 Necrotise                Necr           20%        1d5       65%         1
 Sting                    Tmut/Pois      20%        1d4       65%         1
 Animate Armour           Summ/Erth      38%        N/A       65%         4
 Leda's Liquefaction      Hex/Erth       9%         N/A       65%         4
 Call Imp                 Summ           10%        N/A       77%         2
 Cigotuvi's Dreadful Rot  Necr/Pois/Air  10%        N/A       77%         2
 Ensorcelled Hibernation  Hex/Ice        10%        N/A       77%         2
 Poisonous Vapours        Pois/Air       10%        N/A       77%         2
 Sublimation of Blood     Necr           5%         N/A       77%         2
 Wereblood                Tmut           5%         N/A       77%         2
 Iron Shot                Conj/Erth      17%        9d4       80%         6
 Borgnjor's Vile Clutch   Necr/Erth      9%         N/A       92%         5
 Irradiate                Conj/Tmut      10%        3d15      92%         5
 Call Canine Familiar     Summ           5%         N/A       93%         3
 Inner Flame              Hex/Fire       5%         N/A       93%         3
 Portal Projectile        Hex/Tloc       10%        N/A       93%         3
 Summon Guardian Golem    Hex/Summ       5%         N/A       93%         3
 Swiftness                Air            5%         N/A       93%         3
 Tukima's Dance           Hex            5%         N/A       93%         3
 Vampiric Draining        Necr           5%         2d6       93%         3
 Animate Dead             Necr           5%         N/A       100%        4
 Dispel Undead            Necr           5%         3d7       100%        4
 Olgreb's Toxic Radiance  Pois           5%         N/A       100%        4
 Passage of Golubria      Tloc           5%         N/A       100%        4
 Agony                    Necr           5%         N/A       100%        5
 Alistair's Intoxication  Tmut/Pois      3%         N/A       100%        5
 Blade Hands              Tmut           2%         N/A       100%        5
 Silence                  Hex/Air        2%         N/A       100%        5
 Yara's Violent Unravell  Hex/Tmut       2%         3d3       100%        5
 Death Channel            Necr           2%         N/A       100%        6
 Eringya's Noxious Bog    Tmut/Pois      2%         N/A       100%        6
 Plasma Beam              Fire/Air       2%         2x1d14    100%        6
 Dragon Form              Tmut           2%         N/A       100%        7
 Enfeeble                 Hex            2%         N/A       100%        7
 Summon Hydra             Summ           2%         N/A       100%        7
 Ignition                 Fire           2%         3d3       100%        8
 Lehudib's Crystal Spear  Conj/Erth      17%        10d5      100%        8


Dungeon Overview and Level Annotations

Branches:
Dungeon (15/15)            Temple (0/1) D:5            Lair (5/5) D:9
 Shoals (0/4) Lair:2       Spider (0/4) Lair:3        Slime (0/5) Lair:5
    Orc (2/2) D:9             Elf (0/3) Orc:2        Vaults (0/5) D:13
 Depths (0/4) D:15          IceCv (visited)

Altars:
Kikubaaqudgha
Makhleb
Okawaru
Xom
Jiyva

Shops:
D:1 =   D:8 ?   Orc:2 *

Portals:
Trove: D:11 (give 6 scrolls of fear)

Annotations:
D:7 1 runed translucent door, turdburglar's ghost, novice GrFi
Orc:2 Saint Roka


Innate Abilities, Weirdness & Mutations

You have large cloven feet.
You have a somewhat thin skeletal structure. (Dex +2, Stealth+)
Your flesh is very heat resistant. (rF++)
You are very frail. (-20% HP)
Your magical capacity is very low. (-20% MP)
You passively dampen the noise of your surroundings.


Message History

As you read the scroll of blinking, it crumbles to dust.
Blink to where?
Press: ? - help, Dir - move target
As you read the scroll of blinking, it crumbles to dust.
You climb upwards.
The orc warrior shouts!
The orc shouts! x2; The orc warrior shouts!
The orc wizard shouts!
You hear a shout! x2
The orc priest casts a cantrip, but nothing happens.
The orc warrior unwields a +0 trident.
The orc warrior wields a +0 arbalest.
The orc warrior shoots a bolt.
You block the bolt.
Found 13 gold pieces.
There is a stone staircase leading down here.
The orc wizard gestures at you while chanting.
You resist with almost no effort.
The orc warrior shoots a bolt.
The bolt completely misses you.
You climb downwards.
Level annotation: Saint Roka
There is a stone staircase leading up here.
Unknown command.
You start resting.
Saint Roka is nearby!
Saint Roka is nearby!
As you read the scroll of teleportation, it crumbles to dust.
You feel strangely unstable.
Saint Roka hits you with a +1 halberd of venom!
* * * LOW HITPOINT WARNING * * *
You are poisoned.
Unknown command.
You feel very sick.
Saint Roka invokes the aid of Beogh against you.
Beogh smites you!
* * * LOW HITPOINT WARNING * * *
You feel better.
Saint Roka calls down the wrath of Beogh upon you.
Beogh smites you!
* * * LOW HITPOINT WARNING * * *
Saint Roka calls down the wrath of Beogh upon you.
Beogh smites you!
You die...
Xom guffaws!

### ##.## ### ###...#
##.###
##.##..###@...##
#........##....# ##
###........###o## .##
##..##.#....##...#
..###..).##.....#...##
.###.....##...>.....#
.##.................##
...............#.....#
.##.#.......<..##...##


You could see Saint Roka.

Vanquished Creatures
  Rupert (D:15)
  Frances (D:12)
  A ghost moth (D:15)
  Azrael (Orc:2)
  2 dire elephants (Lair:5)
  Snorg (D:12)
  Fannar (D:11)
  7 hydras
  An ice dragon (IceCv)
  2 vault guards (D:13)
  5 catoblepae
  Erolcha (D:11)
  2 ogre magi
  A centaur warrior (D:11)
  5 two-headed ogres
  4 tengu warriors
  4 death yaks
  A skyshark (Lair:5)
  3 spectral death yaks (Lair:5)
  A fire crab (shapeshifter) (D:13)
  A spectral anaconda (Lair:5)
  A glowing orange brain (D:15)
  An obsidian statue (Lair:5)
  A lindwurm (Lair:3)
  2 deep elf pyromancers
  5 necromancers
  A wizard (D:13)
  A steelbarb worm (shapeshifter) (D:13)
  17 ugly things
  9 cyclopes
  An orc sorcerer (Orc:2)
  A salamander (shapeshifter) (Orc:2)
  2 orc knights (D:15)
  13 elephants
  4 merfolk sirens (Lair:2)
  Maurice (D:12)
  3 manticores
  4 black mambas
  2 ice statues (IceCv)
  An eye of devastation (Lair:5)
  12 cane toads
  A gargoyle (D:11)
  2 unseen horrors
  7 rime drakes
  3 kobold demonologists (D:12)
  2 dire elephant skeletons (Lair:5)
  11 komodo dragons
  2 yaktaurs
  2 ice devils (Lair:2)
  A tengu conjurer (D:15)
  3 meliai (D:13)
  2 polar bears (Lair:2)
  9 trolls
  6 blink frogs
  10 dream sheep
  A spectral elephant (Lair:5)
  20 slime creatures
  9 wraiths
  2 shadows
  19 yaks
  2 vampires
  14 humans
  A wyvern (D:11)
  Eustachio (D:4)
  A basilisk (shapeshifter) (D:14)
  A golden eye (D:13)
  5 basilisks
  3 steam dragons
  A death yak simulacrum (Lair:5)
  2 spectral cane toads (Lair:5)
  5 vampire mosquitoes
  A warg (D:15)
  An acid dragon (D:12)
  2 hell hounds
  13 water moccasins
  A floating eye (shapeshifter) (D:11)
  A floating eye (Lair:5)
  4 ice beasts
  14 orc warriors
  A sky beast (shapeshifter) (D:10)
  6 black bears
  A black bear (shapeshifter) (Lair:3)
  2 sky beasts
  13 ogres
  A boggart (D:11)
  31 wolves
  An elephant zombie (Lair:5)
  A tengu (D:11)
  5 centaurs
  2 elephant skeletons (Lair:5)
  2 phantoms
  2 kobold brigands
  14 bullfrogs
  4 scorpions
  A gnoll sergeant (D:13)
  5 wights (D:9)
  4 lindwurm simulacra (IceCv)
  6 killer bees (D:10)
  3 elephant simulacra (Lair:5)
  4 howler monkeys
  2 hounds
  4 komodo dragon simulacra (IceCv)
  5 jellies
  Crazy Yiuf (D:5)
  3 gnoll boudas
  9 orc priests
  3 sleepcaps
  3 iron imps (D:13)
  4 iguanas
  10 orc wizards
  22 gnolls
  8 acid dragon simulacra (IceCv)
  12 adders
  3 river rats (D:9)
  A shadow imp (D:6)
  2 white imps (D:5)
  An ufetubus (D:5)
  5 steam dragon simulacra (IceCv)
  3 worms
  5 dart slugs
  44 orcs
  5 endoplasms
  A giant cockroach (D:2)
  14 goblins
  9 hobgoblins
  25 kobolds
  8 quokkas
  8 ball pythons
  8 bats
  3 frilled lizards
  9 rats
  A butterfly (Lair:3)
663 creatures vanquished.

Vanquished Creatures (collateral kills)
  A hydra (Lair:5)
  An ugly thing (D:15)
  A moth of wrath (shapeshifter) (D:15)
  An orc sorcerer (Orc:2)
  A troll (D:11)
  2 yaks
  2 fire elementals (Orc:2)
  A swamp worm (shapeshifter) (D:13)
  A water moccasin (Lair:5)
  2 orc warriors (Orc:2)
  An ogre (Orc:2)
  An orc priest (Orc:2)
  An iguana (D:4)
  An orc wizard (Orc:2)
  8 orcs (Orc:2)
25 creatures vanquished.

Vanquished Creatures (others)
  A spectral death yak (Lair:5)
  A troll (Orc:2)
  5 humans (D:13)
  An orc warrior (Orc:2)
  A gnoll bouda (D:7)
  A gnoll (D:7)
  2 orcs (Orc:2)
  A rat zombie (D:1)
  37 fungi
  29 plants
  26 withered plants (Lair:5)
105 creatures vanquished.

Grand Total: 793 creatures vanquished

Notes
Turn   | Place    | Note
-------+----------+-------------------------------------------
     0 | D:1      | LustLizard the Human Chaos Knight began the quest for the
                  | Orb.
     0 | D:1      | Reached XP level 1. HP: 18/18 MP: 1/1
   129 | D:1      | Found Ditungul's Jewellery Shoppe.
   229 | D:1      | XOM: silly message
   236 | D:1      | Reached XP level 2. HP: 23/23 MP: 2/2
   296 | D:1      | XOM: divination: magic mapping
   324 | D:1      | Reached XP level 3. HP: 26/29 MP: 3/3
   677 | D:2      | XOM: noise
   683 | D:2      | XOM: swap monsters
   699 | D:2      | Reached skill level 4 in Axes
   864 | D:2      | Reached XP level 4. HP: 35/35 MP: 4/4
  1058 | D:2      | XOM: enchant monster (good)
  1110 | D:2      | Found the +18 Lear's hauberk
  1324 | D:2      | Learned a level 3 spell: Stone Arrow
  1385 | D:2      | XOM: scenery: summon butterflies
  1553 | D:2      | XOM: 4-stop teleportation journey
  1772 | D:3      | XOM: 2-stop teleportation journey
  1795 | D:3      | Reached XP level 5. HP: 42/42 MP: 5/5
  1968 | D:3      | Found a faded altar of an unknown god.
  2302 | D:3      | XOM: give mutations
  2302 | D:3      | Gained mutation: You are strong-willed. (Will+) [Xom's
                  | grace]
  2302 | D:3      | Gained mutation: You have large cloven feet. [Xom's grace]
  2394 | D:3      | XOM: give mutations
  2394 | D:3      | Gained mutation: You have a somewhat thin skeletal
                  | structure. (Dex +2, Stealth+) [Xom's grace]
  2394 | D:3      | Gained mutation: Your mind is acute. (Int +4, Str/Dex -1)
                  | [Xom's grace]
  2394 | D:3      | Gained mutation: Your flesh is cold resistant. (rC+) [Xom's
                  | grace]
  2640 | D:4      | Reached skill level 1 in Earth Magic
  2644 | D:4      | Reached skill level 1 in Conjurations
  2669 | D:4      | Noticed Eustachio
  2675 | D:4      | XOM: divination: magic mapping
  2692 | D:4      | XOM: potion effect (haste)
  2698 | D:4      | XOM: enchant monster (good)
  2723 | D:4      | XOM: confuse monster(s)
  2724 | D:4      | Killed Eustachio
  2725 | D:4      | Reached skill level 5 in Axes
  2725 | D:4      | Reached skill level 1 in Spellcasting
  2725 | D:4      | Reached XP level 6. HP: 25/48 MP: 5/7
  2961 | D:4      | XOM: 3-stop teleportation journey
  3158 | D:4      | XOM: summons friendly iron imp
  3169 | D:4      | Reached XP level 7. HP: 54/54 MP: 8/8
  3484 | D:5      | Entered Level 5 of the Dungeon
  3691 | D:5      | Reached XP level 8. HP: 46/61 MP: 10/10
  3994 | D:5      | Found a staircase to the Ecumenical Temple.
  4081 | D:5      | XOM: god gift: 54 gold pieces
  4155 | D:5      | XOM: torment (32/61 hp)
  4258 | D:5      | XOM: swap monsters
  4617 | D:5      | Found a runed translucent door.
  4618 | D:5      | Noticed Crazy Yiuf
  4797 | D:5      | XOM: cloud trail
  4810 | D:5      | Killed Crazy Yiuf
  5047 | D:6      | Reached skill level 6 in Axes
  5131 | D:6      | HP: 3/61 [gnoll bouda/+0 whip (3)]
  5515 | D:6      | XOM: 2-stop teleportation journey
  5547 | D:6      | XOM: swap monsters
  5549 | D:6      | an ice beast changed into a basilisk
  5549 | D:6      | Noticed a basilisk
  5549 | D:6      | XOM: polymorph ice beast -> basilisk
  5553 | D:6      | XOM: 1-stop teleportation journey
  5818 | D:6      | XOM: swap monsters
  5898 | D:6      | an ice beast changed into a human
  5898 | D:6      | Noticed a human
  5898 | D:6      | XOM: polymorph ice beast -> human
  5906 | D:6      | Killed a human
  5907 | D:6      | Reached skill level 5 in Fighting
  5907 | D:6      | Reached XP level 9. HP: 68/68 MP: 12/12
  5993 | D:6      | XOM: draining
  6052 | D:6      | XOM: swap monsters
  6095 | D:6      | XOM: give mutation
  6095 | D:6      | Gained mutation: You are somewhat resistant to further
                  | mutation. [Xom's mischief]
  6159 | D:6      | XOM: summons 5 hostile demons
  6362 | D:6      | XOM: summons 3 hostile shadow creatures
  6629 | D:6      | XOM: give mutations
  6629 | D:6      | Gained mutation: You are clumsy. (Dex -2) [Xom's mischief]
  6629 | D:6      | Lost mutation: You are clumsy. (Dex -2) [Xom's mischief]
  6658 | D:6      | XOM: noise
  6858 | D:6      | Reached skill level 5 in Earth Magic
  6872 | D:6      | XOM: swap monsters
  6886 | D:6      | Reached skill level 5 in Conjurations
  6960 | D:6      | Reached skill level 7 in Axes
  7007 | D:6      | XOM: silly message
  7014 | D:6      | XOM: noise
  7016 | D:6      | XOM: summons 2 hostile demons
  7017 | D:6      | Noticed an ice devil
  7017 | D:6      | Noticed a hellwing
  7118 | D:6      | XOM: give mutations
  7118 | D:6      | Gained mutation: Your magical capacity is low. (-10% MP)
                  | [Xom's mischief]
  7118 | D:6      | Gained mutation: You occasionally shout uncontrollably at
                  | your foes. [Xom's mischief]
  7136 | D:6      | XOM: swap monsters
  7667 | D:7      | XOM: give mutation
  7667 | D:7      | Lost mutation: You are somewhat resistant to further
                  | mutation. [Xom's mischief]
  7673 | D:7      | XOM: chaos upgrade
  7830 | D:7      | XOM: enchant monster (bad)
  8011 | D:7      | Reached XP level 10. HP: 73/75 MP: 13/13
  8079 | D:7      | Noticed turdburglar's ghost (novice GrFi)
  8082 | D:7      | Found a runed translucent door.
  8128 | D:7      | XOM: noise
  8387 | D:7      | XOM: enchant monster (bad)
  8623 | D:7      | XOM: confusion
  9119 | D:8      | XOM: give mutations
  9119 | D:8      | Lost mutation: You have large cloven feet. [Xom's mischief]
  9119 | D:8      | Gained mutation: You have sharp toenails. [Xom's mischief]
  9119 | D:8      | Gained mutation: You passively dampen the noise of your
                  | surroundings. [Xom's mischief]
  9413 | D:8      | XOM: torment (39/76 hp)
  9479 | D:8      | XOM: give mutations
  9479 | D:8      | Gained mutation: Your flesh is heat resistant. (rF+) [Xom's
                  | mischief]
  9479 | D:8      | Gained mutation: You are somewhat resistant to further
                  | mutation. [Xom's mischief]
  9479 | D:8      | Lost mutation: You occasionally shout uncontrollably at
                  | your foes. [Xom's mischief]
  9479 | D:8      | Gained mutation: You are clumsy. (Dex -2) [Xom's mischief]
 10289 | D:8      | Found Hugadgh's Magic Scroll Shoppe.
 10292 | D:8      | Bought a scroll of magic mapping for 105 gold pieces
 10292 | D:8      | Bought a scroll of teleportation for 42 gold pieces
 10292 | D:8      | Bought a scroll of teleportation for 42 gold pieces
 10429 | D:9      | Found a staircase to the Orcish Mines.
 10607 | D:9      | XOM: summons 2 hostile shadow creatures
 10827 | D:9      | Found an ancient bone altar of Kikubaaqudgha.
 10848 | D:9      | XOM: summons 6 hostile demons
 10864 | D:9      | Noticed a death yak
 10880 | D:9      | XOM: potion effect (brilliance)
 10884 | D:9      | XOM: divination: magic mapping
 10885 | D:9      | XOM: chaos cloud
 10890 | D:9      | XOM: enchant monster (bad)
 10924 | D:8      | XOM: give mutations
 10924 | D:8      | Lost mutation: Your mind is acute. (Int +4, Str/Dex -1)
                  | [Xom's mischief]
 10924 | D:8      | Lost mutation: Your flesh is cold resistant. (rC+) [Xom's
                  | mischief]
 11037 | D:9      | Noticed a two-headed ogre
 11043 | D:9      | XOM: confusion
 11046 | D:9      | a two-headed ogre changed into a dream sheep
 11046 | D:9      | XOM: polymorph two-headed ogre -> dream sheep
 11055 | D:9      | Reached skill level 8 in Axes
 11055 | D:9      | Reached skill level 5 in Armour
 11056 | D:9      | XOM: confusion
 11058 | D:9      | XOM: scenery: 1 doors close
 11356 | D:9      | Noticed a death yak
 11400 | D:9      | XOM: swap monsters
 11404 | D:9      | XOM: confusion
 11411 | D:9      | XOM: confusion
 11420 | D:9      | Killed a death yak
 11523 | D:9      | XOM: stat loss: -1 Str (15/16)
 11651 | D:9      | XOM: summons 1 hostile demon
 11741 | D:9      | Found a staircase to the Lair.
 11987 | D:10     | Entered Level 10 of the Dungeon
 12073 | D:10     | XOM: summons friendly quasit
 12081 | D:10     | XOM: potion effect (might)
 12093 | D:10     | Reached XP level 11. HP: 77/82 MP: 5/15
 12099 | D:10     | XOM: scenery: summon butterflies
 12107 | D:10     | XOM: divination: detect items
 12132 | D:10     | XOM: give mutations
 12132 | D:10     | Gained mutation: Your flesh is cold resistant. (rC+) [Xom's
                  | grace]
 12132 | D:10     | Gained mutation: You have a pair of small antennae on your
                  | head. [Xom's grace]
 12483 | D:10     | XOM: 5-stop teleportation journey
 12813 | D:10     | Noticed a two-headed ogre
 12817 | D:10     | Killed a two-headed ogre
 12818 | D:10     | Reached skill level 9 in Axes
 12929 | D:10     | XOM: give mutations
 12929 | D:10     | Lost mutation: Your flesh is cold resistant. (rC+) [Xom's
                  | mischief]
 12929 | D:10     | Lost mutation: You are clumsy. (Dex -2) [Xom's mischief]
 12929 | D:10     | Lost mutation: You have a pair of small antennae on your
                  | head. [Xom's mischief]
 12929 | D:10     | Gained mutation: Your spells are a little harder to cast,
                  | but a little more powerful. [Xom's mischief]
 13037 | D:9      | XOM: potion effect (invisibility)
 13191 | D:11     | XOM: silly message
 13360 | D:11     | Noticed Fannar
 13373 | D:11     | XOM: potion effect (brilliance)
 13375 | D:11     | XOM: silly message
 13386 | D:11     | XOM: potion effect (heal wounds)
 13390 | D:11     | Killed Fannar
 13425 | D:11     | XOM: potion effect (might)
 13431 | D:11     | XOM: cast spell 'Summon Horrible Things'
 13515 | D:11     | XOM: cleaving
 13673 | D:11     | Noticed a cyclops
 13684 | D:11     | Killed a cyclops
 13685 | D:11     | Reached skill level 5 in Spellcasting
 13791 | D:11     | XOM: fog
 13972 | D:11     | XOM: enchant monster (good)
 13974 | D:11     | Noticed Lodul
 13982 | D:11     | Lodul changed into Lodul the tengu
 13982 | D:11     | Noticed Lodul
 13982 | D:11     | XOM: polymorph Lodul -> Lodul the tengu
 13990 | D:11     | XOM: scenery: summon butterflies
 14107 | D:11     | XOM: cloud trail
 14274 | D:11     | Reached XP level 12. HP: 91/91 MP: 2/17
 14389 | D:11     | a cyclops changed into a fire crab
 14389 | D:11     | Noticed a fire crab
 14389 | D:11     | XOM: polymorph cyclops -> fire crab
 14459 | D:11     | a fire crab changed into a glowing shapeshifter
 14459 | D:11     | XOM: enchant monster (good)
 14477 | D:11     | Identified the ring "Meifow" {rF+ rC++ Will-} (Xom gifted
                  | it to you on level 11 of the Dungeon)
 14477 | D:11     | XOM: god gift: ring "Meifow" {rF+ rC++ Will-}
 14488 | D:11     | a wolf spider changed into an alligator
 14488 | D:11     | Noticed an alligator (glowing shapeshifter)
 14504 | D:11     | Noticed a spark wasp
 14510 | D:11     | XOM: 6-stop teleportation journey
 14526 | D:11     | Found a portal to a secret trove of treasure.
 14929 | D:11     | Noticed a glowing orange brain
 14929 | D:11     | a glowing orange brain changed into a steelbarb worm
 14934 | D:11     | a steelbarb worm changed into an anaconda
 14934 | D:11     | Noticed an anaconda (glowing shapeshifter)
 14999 | Lair:1   | Entered Level 1 of the Lair of Beasts
 15009 | Lair:1   | Identified a scroll of acquirement
 15009 | Lair:1   | Acquired a +1 broad axe of venom
 15122 | Lair:1   | XOM: divination: magic mapping
 15132 | Lair:1   | XOM: summons 4 friendly demons
 15243 | Lair:1   | Reached skill level 10 in Axes
 15384 | Lair:1   | Noticed a catoblepas
 15384 | Lair:1   | XOM: 1-stop teleportation journey
 15392 | Lair:1   | XOM: scenery: create altars
 15395 | Lair:1   | Killed a catoblepas
 15467 | Lair:1   | XOM: scenery: create altars
 15503 | Lair:1   | Reached skill level 1 in Evocations
 15640 | Lair:1   | XOM: fog
 15645 | Lair:1   | XOM: polymorph black bear -> human
 15699 | Lair:1   | XOM: scenery: create altars
 15702 | Lair:1   | XOM: enchant monster (good)
 15703 | Lair:1   | XOM: cleaving
 15704 | Lair:1   | XOM: potion effect (brilliance)
 16080 | Lair:1   | XOM: scenery: create altars
 16469 | Lair:2   | XOM: enchant monster (bad)
 16674 | Lair:2   | Reached skill level 1 in Shields
 16706 | Lair:2   | Noticed a seven-headed hydra
 16713 | Lair:2   | XOM: noise
 16716 | Lair:2   | XOM: cast spell 'Summon Cactus Giant'
 16719 | Lair:2   | Killed a seven-headed hydra
 16720 | Lair:2   | Reached XP level 13. HP: 86/98 MP: 2/19
 16758 | Lair:2   | Found a staircase to the Shoals.
 16781 | Lair:2   | XOM: cast spell 'Alistair's Intoxication'
 16788 | Lair:2   | Reached skill level 11 in Axes
 16878 | Lair:2   | Found a frozen archway.
 16895 | Lair:2   | XOM: confuse monster(s)
 16930 | IceCv    | Entered an ice cave
 16979 | IceCv    | XOM: cloud trail
 16987 | IceCv    | XOM: confuse monster(s)
 17071 | IceCv    | XOM: cast spell 'Olgreb's Toxic Radiance'
 17291 | IceCv    | Identified the staff of earth "Idawo" {Contam +Blink rN++
                  | Int+2}
 17369 | IceCv    | XOM: divination: detect items
 17412 | IceCv    | Noticed an ice dragon
 17448 | IceCv    | XOM: potion effect (heal wounds)
 17452 | IceCv    | XOM: silly message
 17461 | IceCv    | Killed an ice dragon
 17611 | IceCv    | XOM: god gift: 39 gold pieces
 17658 | IceCv    | Identified the ring "Zaley" {rF+ rC+ rN+ Str+3}
 17885 | Lair:2   | Noticed a four-headed hydra
 17890 | Lair:2   | Killed a four-headed hydra
 18351 | Lair:3   | Found a hole to the Spider Nest.
 18409 | Lair:3   | XOM: confusion (+ monsters)
 18413 | Lair:3   | XOM: silly message
 18740 | Lair:3   | XOM: noise
 18748 | Lair:3   | XOM: polymorph butterfly -> dart slug
 18749 | Lair:3   | XOM: enchant monster (bad)
 19288 | Lair:3   | Noticed a seven-headed hydra
 19292 | Lair:3   | XOM: confusion
 19299 | Lair:3   | XOM: enchant monster (good)
 19306 | Lair:3   | Killed a seven-headed hydra
 19406 | Lair:3   | XOM: stat loss: -1 Int (14/15)
 19473 | Lair:3   | XOM: chaos cloud
 19473 | Lair:3   | Noticed a catoblepas
 19475 | Lair:3   | Paralysed by you for 4 turns
 19482 | Lair:3   | XOM: divination: detect items
 19485 | Lair:3   | XOM: noise
 19503 | Lair:3   | Killed a catoblepas
 19840 | Lair:4   | Reached XP level 14. HP: 106/106 MP: 15/22
 19932 | Lair:4   | Reached skill level 12 in Axes
 20054 | Lair:4   | XOM: cloud trail
 20081 | Lair:4   | XOM: enchant monster (good)
 20332 | Lair:4   | XOM: snakes to sticks
 20476 | Lair:4   | You fall into a shaft and drop 1 floor!
 20476 | Lair:5   | Entered Level 5 of the Lair of Beasts
 20601 | Lair:5   | XOM: cleaving
 20713 | Lair:5   | Noticed a dire elephant
 20714 | Lair:5   | Noticed a dire elephant
 20740 | Lair:5   | XOM: summons friendly iron imp
 20748 | Lair:5   | Reached skill level 5 in Evocations
 20750 | Lair:5   | XOM: polymorph iron imp -> cerulean imp
 20762 | Lair:5   | XOM: smoke on damage
 20770 | Lair:5   | XOM: scenery: 6 doors open
 20834 | Lair:5   | XOM: cleaving
 20840 | Lair:5   | XOM: enchant monster (bad)
 20915 | Lair:5   | Identified the +0 buckler of Gaeggoqa {Fly rC+ Str-5}
 20946 | Lair:5   | XOM: enchant monster (good)
 20948 | Lair:5   | XOM: divine lightning
 20952 | Lair:5   | XOM: summons 2 friendly demons
 20953 | Lair:5   | XOM: enchant monster (good)
 21079 | Lair:5   | XOM: summons 10 friendly demons
 21088 | Lair:5   | Reached skill level 5 in Shields
 21092 | Lair:5   | XOM: cleaving
 21096 | Lair:5   | Found a staircase to the Slime Pits.
 21098 | Lair:5   | XOM: confuse monster(s)
 21124 | Lair:5   | Found a viscous altar of Jiyva.
 21126 | Lair:5   | Paralysed by a floating eye for 3 turns
 21135 | Lair:5   | XOM: enchant monster (good)
 21189 | Lair:5   | XOM: fake destruction
 21190 | Lair:5   | XOM: cleaving
 21193 | Lair:5   | XOM: 3-stop teleportation journey
 22153 | Lair:4   | XOM: cloud trail
 22477 | Lair:4   | XOM: give mutations
 22477 | Lair:4   | Lost mutation: You have sharp toenails. [Xom's grace]
 22477 | Lair:4   | Gained mutation: You have large cloven feet. [Xom's grace]
 22477 | Lair:4   | Lost mutation: You have large cloven feet. [Xom's grace]
 22477 | Lair:4   | Gained mutation: You have sharp toenails. [Xom's grace]
 22636 | Lair:5   | XOM: cast spell 'Summon Horrible Things'
 22750 | Lair:5   | Reached skill level 13 in Axes
 23006 | Lair:5   | XOM: cleaving
 23131 | Lair:5   | XOM: noise
 23224 | Lair:5   | XOM: summons 4 hostile demons
 23269 | Lair:5   | XOM: noise
 23331 | Lair:5   | Killed a dire elephant
 23332 | Lair:5   | Reached XP level 15. HP: 85/115 MP: 19/24
 23342 | Lair:5   | XOM: draining
 23352 | Lair:5   | XOM: fog
 23433 | Lair:5   | XOM: cast spell 'Call Canine Familiar'
 23803 | Lair:5   | Got the Parchment of the Bane and Necromancy
 23979 | Lair:5   | XOM: smoke on damage
 24078 | Lair:5   | XOM: cloud trail
 24334 | D:9      | XOM: give mutation
 24334 | D:9      | Lost mutation: Your spells are a little harder to cast, but
                  | a little more powerful. [Xom's mischief]
 24402 | D:9      | XOM: 5-stop teleportation journey
 24589 | D:11     | XOM is BORED!
 24589 | D:11     | XOM: summons 3 hostile demons
 24626 | D:11     | XOM: confuse monster(s)
 24690 | D:11     | XOM: summons friendly white imp
 24725 | D:11     | XOM: swap monsters
 24785 | D:11     | Got Anam's Octavo of Phantasms and the Blaze
 24913 | D:11     | Killed Lodul the tengu
 25188 | D:11     | Noticed Erolcha
 25194 | D:11     | Killed Erolcha
 25259 | D:11     | XOM: give mutation
 25259 | D:11     | Lost mutation: You have sharp toenails. [Xom's mischief]
 25418 | D:11     | XOM: noise
 25540 | D:12     | Reached skill level 10 in Conjurations
 25541 | D:12     | XOM: chaos cloud
 25551 | D:12     | Reached skill level 10 in Fighting
 25560 | D:12     | XOM: 4-stop teleportation journey
 25562 | D:12     | XOM: polymorph crimson imp -> white imp
 25607 | D:12     | XOM: give mutations
 25607 | D:12     | Gained mutation: Your magical capacity is very low. (-20%
                  | MP) [Xom's mischief]
 25607 | D:12     | Lost mutation: You are strong-willed. (Will+) [Xom's
                  | mischief]
 25607 | D:12     | Lost mutation: You are somewhat resistant to further
                  | mutation. [Xom's mischief]
 25634 | D:12     | XOM: 2-stop teleportation journey
 25637 | D:12     | Noticed Frances
 25641 | D:12     | XOM: enchant monster (bad)
 25646 | D:12     | XOM: cast spell 'Death Channel'
 25648 | D:12     | Noticed Snorg
 25648 | D:12     | Noticed Maurice
 25648 | D:12     | XOM: 2-stop teleportation journey
 25665 | D:12     | XOM: 9-stop teleportation journey
 25668 | D:12     | Killed Maurice
 25683 | D:12     | Killed Snorg
 25774 | D:12     | XOM: smoke on damage
 25781 | D:12     | XOM: silly message
 25948 | D:12     | XOM: silly message
 26035 | D:12     | Reached skill level 10 in Earth Magic
 26121 | D:12     | XOM: fog
 26123 | D:12     | Killed Frances
 26236 | D:12     | XOM: give mutation
 26236 | D:12     | Gained mutation: You are frail. (-10% HP) [Xom's mischief]
 26254 | D:12     | XOM: blink monster(s)
 26351 | D:12     | XOM: cloud trail
 26466 | D:12     | XOM: give mutations
 26466 | D:12     | Gained mutation: You have large cloven feet. [Xom's grace]
 26466 | D:12     | Gained mutation: Your flesh is very heat resistant. (rF++)
                  | [Xom's grace]
 26466 | D:12     | Gained mutation: Your flesh is cold resistant. (rC+) [Xom's
                  | grace]
 26466 | D:12     | Gained mutation: You passively map a small area around you.
                  | [Xom's grace]
 26897 | D:12     | Found an iron altar of Okawaru.
 27266 | D:13     | XOM: 1-stop teleportation journey
 27271 | D:13     | Identified the +1 hand axe of Alliacot {speed, rC+}
 27302 | D:13     | XOM: confuse monster(s)
 27356 | D:13     | XOM: cast spell 'Summon Horrible Things'
 27841 | D:13     | XOM: divine lightning
 27997 | D:13     | Found a gate to the Vaults.
 28022 | D:13     | Reached skill level 14 in Axes
 28026 | D:13     | XOM: polymorph human -> golden eye
 28046 | D:13     | XOM: summons 4 hostile shadow creatures
 28112 | D:13     | XOM: cloud trail
 28355 | D:13     | XOM: summons 3 hostile shadow creatures
 28573 | D:13     | Found a burning altar of Makhleb.
 28674 | D:14     | Identified the +5 dagger "Gaajath" {elec, rC+ Int+4}
 28869 | D:14     | XOM: swap monsters
 28876 | D:14     | Reached XP level 16. HP: 110/110 MP: 22/22
 29083 | D:14     | You fall into a shaft and drop 1 floor!
 29083 | D:15     | Entered Level 15 of the Dungeon
 29131 | D:15     | XOM: 1-stop teleportation journey
 29228 | D:15     | XOM: summons friendly shadow imp
 29691 | D:14     | XOM: enchant monster (bad)
 29693 | D:14     | XOM: noise
 29819 | D:14     | XOM: noise
 29969 | D:14     | XOM: divination: detect items
 30315 | D:15     | Noticed Rupert
 30328 | D:15     | Killed Rupert
 30743 | D:15     | XOM: torment (57/111 hp)
 30847 | D:15     | XOM: 2-stop teleportation journey
 30875 | D:15     | XOM: swap monsters
 30879 | D:15     | XOM: divination: magic mapping
 30883 | D:15     | XOM: noise
 30939 | D:15     | XOM: potion effect (berserk rage)
 30942 | D:15     | XOM: silly message
 30944 | D:15     | XOM: enchant monster (bad)
 31017 | D:15     | XOM: scenery: 1 doors close
 31033 | D:15     | Found a staircase to the Depths.
 31035 | D:15     | XOM: god gift: ring mail {god gift}
 31041 | D:15     | XOM: summons 5 friendly demons
 31253 | D:15     | XOM: cleaving
 31285 | D:15     | XOM: scenery: create altars
 31371 | D:15     | XOM: polymorph eight-headed hydra -> something unseen
 31374 | D:15     | XOM: summons friendly iron imp
 31379 | D:15     | XOM: divine lightning
 31464 | D:15     | XOM: divination: magic mapping
 31694 | Orc:1    | Entered Level 1 of the Orcish Mines
 31768 | Orc:1    | XOM: 2-stop teleportation journey
 31834 | Orc:1    | XOM: give mutations
 31834 | Orc:1    | Lost mutation: You passively map a small area around you.
                  | [Xom's mischief]
 31834 | Orc:1    | Lost mutation: Your flesh is cold resistant. (rC+) [Xom's
                  | mischief]
 31970 | Orc:2    | Entered Level 2 of the Orcish Mines
 31970 | Orc:2    | Noticed Azrael
 31974 | Orc:2    | XOM: summons 9 friendly demons
 31981 | Orc:2    | XOM: butterfly on damage
 31989 | Orc:2    | Killed Azrael
 31990 | Orc:2    | Reached skill level 15 in Axes
 32047 | Orc:2    | XOM: summons friendly crimson imp
 32051 | Orc:2    | Gained mutation: You are very frail. (-20% HP) [a neqoxec]
 32132 | Orc:2    | Found a staircase to the Elven Halls.
 32290 | Orc:2    | Noticed Saint Roka
 32290 | Orc:2    | Found Imagasm's General Store.
 32290 | Orc:2    | XOM: 7-stop teleportation journey
 32309 | Orc:2    | XOM: 5-stop teleportation journey
 32440 | Orc:2    | XOM: scenery: summon butterflies
 32482 | Orc:2    | XOM: confusion
 32485 | Orc:2    | XOM: blink monster(s)
 32692 | Orc:2    | HP: 1/97 [Saint Roka/divine providence (14)]
 32720 | Orc:2    | Killed from afar by Saint Roka

Illustrated notes

Levels and vault maps discovered:
D:1:      dpeg_arrival_snail, layout_basic, serial_shops, shop
D:2:      layout_basic
D:3:      layout_loops_ring, nicolae_ecumenical_lake_church,
          minmay_crystal_room, dk_noncrumbling_2, minmay_quadrilaterals
D:4:      layout_basic, uniq_eustachio
D:5:      layout_basic, minmay_temple_entry_poolview, minmay_crystal_water,
          uniq_crazy_yiuf_cottage
D:6:      minmay_razor_zed, layout_loops_corners
D:7:      layout_gridville, hellmonk_ghost_happy_afterlife
D:8:      layout_layer_cave, serial_shops, nicolae_shop_rolled_up
D:9:      layout_stronghold, mainiacjoe_overflow_boulevard, dpeg_lair_monsters,
          orc_david_3, serial_column_ruins, column_ruins_hut_ruined,
          column_ruins_hut_ruined, column_ruins_columns_straight,
          column_ruins_corridor_corner, column_ruins_columns_T,
          column_ruins_columns_straight, column_ruins_open_small,
          column_ruins_columns_corner
D:10:     layout_loops_cross
D:11:     minmay_the_grid_octo_2x2 [minmay_the_grid_octo_checkered,
          minmay_the_grid_octo_thin_diamonds, minmay_the_grid_octo_toaster,
          minmay_the_grid_octo_prize_single_spiral], layout_basic,
          trove_entry_hex_spiral, kennysheep_generic_room_3, uniq_fannar,
          uniq_lodul, uniq_erolcha
D:12:     layout_irregular_city, okawaru_altar_gauntlet_db, uniq_frances,
          uniq_snorg, uniq_maurice
D:13:     layout_irregular_city, grunt_vaults_entry_tiered,
          amcnicky_mini_rare_corridor_liquid, demons_altar
D:14:     layout_stronghold, minmay_strange_pillars
D:15:     gammafunk_enter_depths_forms, layout_rooms, uniq_rupert
Lair:1:   layout_cave_pods, beast_lair_carwin_10, grunt_megastairs_4
Lair:2:   layout_cellular_growth, elwin_shoals_entry_stream,
          portal_ice_cave_demonic_guard, st_stairs_9
Lair:3:   layout_cave_pods, dummy_spider_entry, infiniplex_staircase_pool,
          lemuel_fruit_fields
Lair:4:   layout_long_grid, grunt_megastairs_1, infiniplex_staircase_pool_2
Lair:5:   due_jungle_book, layout_concentric_octagons, minmay_slime_entry_eyes
Orc:1:    layout_caves
Orc:2:    grunt_orc_cross, layout_caves, uniq_azrael

Skill      XL: |  1  2  3  4  5  6  7  8  9 10 11 12 13 14 15 16 |
---------------+-------------------------------------------------+-----
Axes           | 4 5 6 7 8 9 10 11 13 14 15 | 15.0
Earth Magic    | 2 3 4 5 7 8 9 10 | 10.9
Conjurations   | 1 2 3 4 5 7 8 9 10 11 | 11.1
Fighting       | 4 5 6 7 8 9 10 11 | 11.1
Spellcasting   | 1 2 3 4 5 6 7 8 |  8.7
Armour         | 3 4 5 6 7 8 |  8.1
Evocations     | 2 4 5 7 |  7.2
Dodging        | 2 4 |  4.8
Shields        | 1 3 5 6 8 |  8.0

Action                     |  1- 3 |  4- 6 |  7- 9 | 10-12 | 13-15 | 16-18 || total
---------------------------+-------+-------+-------+-------+-------+-------++-------
  Melee: Hand axe          |   106 |   246 |   513 |   479 |   168 |    90 ||  1602
         Punch             |       |     1 |     4 |     8 |     8 |       ||    21
         Kick              |       |    39 |   178 |   205 |   523 |   202 ||  1147
         Broad axe         |       |       |       |   163 |  1011 |   357 ||  1531
   Cast: Stone Arrow       |       |       |       |   121 |   192 |    73 ||   386
  Evoke: Piece from Xom's  |       |       |     3 |     1 |       |       ||     4
         Lightning rod     |       |       |       |     3 |       |     4 ||     7
         Wand              |       |       |       |       |       |     4 ||     4
         Phantom mirror    |       |       |       |       |       |     1 ||     1
    Use: Scroll            |       |       |     9 |    20 |     8 |     7 ||    44
         Potion            |       |       |     5 |     6 |     3 |     6 ||    20
   Stab: Petrified         |       |     1 |    28 |       |     8 |       ||    37
         Distracted        |       |     1 |       |       |     2 |     1 ||     4
         Confused          |       |       |     6 |     1 |    12 |     1 ||    20
         Paralysed         |       |       |     4 |     2 |     2 |       ||     8
         Sleeping          |       |       |     1 |     1 |       |       ||     2
         Petrifying        |       |       |     1 |       |       |       ||     1
 Armour: Leather armour    |    61 |    12 |       |       |       |       ||    73
         Chain mail        |       |   131 |   453 |   556 |   841 |   232 ||  2213
         Skin              |       |       |       |       |    18 |       ||    18
  Dodge: Dodged            |    71 |    77 |   239 |   460 |   823 |   194 ||  1864
  Block: Buckler           |       |       |       |       |   259 |    49 ||   308
         Kite shield       |       |       |       |       |       |   175 ||   175

Table legend: (Time is in decaauts)
 A = Elapsed time spent in this place.
 B = Non-inter-level travel time spent in this place.
 C = Inter-level travel time spent in this place.
 D = Time resting spent in this place.
 E = Time spent auto-exploring this place.
 F = Levels seen in this place.
 G = Mean time per level.
                   A        B        C        D        E       F      G
               +--------+--------+--------+--------+--------+-----+--------+
         Total |  32604 |  31413 |   1191 |   4936 |  19430 |  23 | 1417.6 |
       Dungeon |  22376 |  21509 |    867 |   3152 |  13770 |  15 | 1491.7 |
          Lair |   8428 |   8118 |    310 |   1204 |   5045 |   5 | 1685.6 |
  Orcish Mines |    999 |    986 |     13 |    312 |    382 |   2 |  499.5 |
      Ice Cave |    799 |    799 |      0 |    268 |    232 |   1 |  799.0 |
               +--------+--------+--------+--------+--------+-----+--------+

Top non-repeatable levels by time:
  Lair:5: 2757 daAuts
    D:11: 2473 daAuts
     D:6: 2322 daAuts
     D:5: 1783 daAuts
     D:9: 1711 daAuts
     D:8: 1692 daAuts
    D:13: 1645 daAuts
    D:12: 1606 daAuts
    D:14: 1528 daAuts
  Lair:4: 1527 daAuts
  Lair:3: 1490 daAuts
  Lair:1: 1451 daAuts
     D:7: 1403 daAuts
    D:15: 1366 daAuts
    D:10: 1320 daAuts
